 Dungeon Crawl Stone Soup version 0.31-a0-841-g038b102fc3 (webtiles) character file.

Game seed: 15861065158743903017

15969 LeprechaunX the Mimic (level 12, -11/75 HPs)
             Began as an Octopode Shapeshifter on Sept 27, 2023.
             Was a Priest of Hepliaklqana.
             Succumbed to Sonja's poison
             ... on level 12 of the Dungeon.
             The game lasted 00:27:53 (12085 turns).

LeprechaunX the Mimic (Octopode Shapeshifter)      Turns: 12085, Time: 00:27:53

Health: -11/75     AC:  5    Str: 17    XL:     12   Next: 32%
Magic:  24/24      EV: 16    Int: 13    God:    Hepliaklqana [***...]
Gold:   991        SH:  0    Dex: 12    Spells: 11/11 levels left

rFire   . .          .
                       - Unarmed
rCold   . . .        (shield currently unavailable)
rNeg    . . .        (helmet restricted)
rPois   .            b - amulet of regeneration
rElec   .            I - +4 ring of protection
rCorr   .            G - ring of magical power
SInv    +            V - ring of see invisible
Will    .....        (no ring)
Stlth   ++           (no ring)
HPRegen 1.12/turn    (no ring)
MPRegen 0.19/turn    (no ring)
                     (no ring)

%: no passive effects
@: lethally poisoned (-11 -> -45), blade tentacles, slowed, very slow
A: reduced essence, almost no armour, amphibious, 8 rings, camouflage 1,
gelatinous body 1, (nimble swimmer 1), tentacles
a: Begin Untransformation, Renounce Religion, Recall Ancestor, Ancestor
Identity, Transference


You were on level 12 of the Dungeon.
You worshipped Hepliaklqana.
Hepliaklqana was most pleased with you.
You had blades for main tentacles.
You visited 2 branches of the dungeon, and saw 13 of its levels.
You also visited: Bailey.

You collected 991 gold pieces.

Inventory:

Hand Weapons
 a - a +0 sling of flaming
 W - a +0 shortbow of freezing
Missiles
 u - 21 boomerangs (quivered)
 J - a throwing net
 O - 8 curare-tipped darts
 P - 4 atropa-tipped darts
Jewellery
 b - an amulet of regeneration (around mantle)
 D - an amulet of faith
 G - a ring of magical power (right blade tentacle)
 I - a +4 ring of protection (left blade tentacle)
 T - an amulet of magic regeneration
 U - a ring of ice
 V - a ring of see invisible (on tentacle)
Talismans
 c - a flux talisman
 j - a blade talisman (active)
 n - a beast talisman
Wands
 q - a wand of flame (55)
 t - a wand of charming (10)
 E - a wand of acid (10)
Scrolls
 e - 6 scrolls of vulnerability {unknown}
 f - a scroll of fear {unknown}
 h - 4 scrolls of teleportation {unknown}
 i - 3 scrolls of noise {unknown}
 k - 6 scrolls of identify {unknown}
 l - 4 scrolls of poison {unknown}
 m - a scroll of summoning {unknown}
 o - 3 scrolls of enchant weapon {unknown}
 p - 4 scrolls of revelation {unknown}
 r - 3 scrolls of immolation {unknown}
 s - 4 scrolls of enchant armour {unknown}
 v - 2 scrolls of fog {unknown}
 x - a scroll of brand weapon {unknown}
 H - a scroll of amnesia {unknown}
 R - a scroll of silence {unknown}
 S - 3 scrolls of torment {unknown}
Potions
 d - 3 potions of might {unknown}
 g - 4 potions of degeneration {unknown}
 w - a potion of brilliance {unknown}
 y - 3 potions of lignification
 z - 4 potions of curing {unknown}
 B - a potion of ambrosia {unknown}
 C - a potion of attraction {unknown}
 F - a potion of berserk rage {unknown}
 K - a potion of haste {unknown}
 L - 2 potions of mutation {unknown}
 M - a potion of magic {unknown}
 N - a potion of enlightenment {unknown}
Miscellaneous
 Q - a lightning rod (4/4)


   Skills:
 + Level 8.8 Fighting
 - Level 8.0 Dodging
 + Level 9.3 Unarmed Combat
 + Level 4.1 Invocations
 + Level 4.0 Evocations
 * Level 11.7 Shapeshifting


You had 11 spell levels left.
You didn't know any spells.
Your spell library contained the following spells:

 Spells                   Type           Power      Damage    Failure   Level
 Freeze                   Ice            0%         1d3       30%         1
 Kiss of Death            Conj/Necr      0%         2d5       30%         1
 Ensorcelled Hibernation  Hex/Ice        0%         N/A       43%         2
 Jinxbite                 Hex            0%         N/A       43%         2
 Sublimation of Blood     Necr           0%         N/A       43%         2
 Call Canine Familiar     Summ           0%         N/A       67%         3
 Confusing Touch          Hex            0%         N/A       67%         3
 Frozen Ramparts          Ice            0%         1d1       67%         3
 Hailstorm                Conj/Ice       0%         3d3       67%         3
 Inner Flame              Hex/Fire       0%         N/A       67%         3
 Sigil of Binding         Hex            0%         N/A       67%         3
 Anguish                  Hex/Necr       0%         N/A       97%         4
 Dimensional Bullseye     Hex/Tloc       0%         N/A       97%         4
 Dispel Undead            Necr           0%         3d6       97%         4
 Leda's Liquefaction      Hex/Erth       0%         N/A       97%         4
 Petrify                  Tmut/Erth      0%         N/A       97%         4
 Summon Ice Beast         Ice/Summ       0%         N/A       97%         4
 Irradiate                Conj/Tmut      0%         3d11      100%        5
 Summon Mana Viper        Hex/Summ       0%         N/A       100%        5
 Monstrous Menagerie      Summ           0%         N/A       100%        7


Dungeon Overview and Level Annotations

Branches:
Dungeon (12/15)            Temple (1/1) D:5            Lair (0/5) D:9
 Bailey (visited)
    Orc: D:9-12

Altars:
Ashenzari
Cheibriados
Dithmenos
Elyvilon
Fedhas
Gozag
Hepliaklqana
Kikubaaqudgha
Makhleb
Nemelex Xobeh
Okawaru
Qazlal
Ru
Sif Muna
Trog
Uskayaw
Vehumet
Wu Jian
Xom
Yredelemnul
Zin
The Shining One

Shops:
D:4 [

Annotations:
D:7 exclusion: statue
D:12 Sonja


Innate Abilities, Weirdness & Mutations

You have blades for main tentacles.
You are incapable of wielding weapons or throwing items.
Your life essence is reduced to manifest your ancestor. (-10% HP)
You cannot wear most types of armour.
You are amphibious.
You can wear up to eight rings at the same time.
Your skin changes colour to match your surroundings (Stealth+).
Your rubbery body absorbs attacks. (AC +1, EV +1)
((You are camouflaged when in or above water. (Stealth+)))
You have tentacles for arms and can constrict up to eight enemies at once.


Message History

You are more poisoned.
Sonja hits you but does no damage.
You are more poisoned.
The grasping roots constrict you.
Londisizwe closely misses the wraith.
The wraith hits you!
Londisizwe hits the wraith but does no damage.
You slash the wraith!
You squeeze the wraith, but do no damage.
The wraith is severely damaged.
You feel extremely sick. Sonja closely misses you. x2
Sonja hits you with a +1 dagger of venom.
You are more poisoned.
The grasping roots constrict you.
Londisizwe hits the wraith with a +0 dagger of draining.
The wraith hits you but does no damage. Sonja misses you.
Sonja hits you with a +1 dagger of venom.
You are more poisoned.
Sonja hits you with a +1 dagger of venom.
* * * LOW HITPOINT WARNING * * *
You are more poisoned.
The grasping roots constrict you!
* * * LOW HITPOINT WARNING * * *
Londisizwe hits the wraith with a +0 dagger of draining.
The wraith hits Londisizwe!
The wraith drains Londisizwe's vigour!
Londisizwe seems to slow down.
Londisizwe casts a spell at the wraith.
The wraith resists with almost no effort.
The grasping roots release their grip on you.
Unknown command.
You slash the wraith!
You destroy the wraith!
* * * LOW HITPOINT WARNING * * *
You feel extremely sick.
Sonja gestures wildly while chanting.
Sonja blinks!
Sonja throws a curare-tipped dart.
The curare-tipped dart misses you.
Londisizwe points at Sonja and mumbles some strange words.
Sonja seems to slow down.
You die...

###########.#
..........#.# ..
.........K#.# ....
............##.......#
.....................#
.......ยง.............#
......R..............#
........@............#
.....................#
#########............#
......>...........#
######............#
#.#+####.....#### #.#.#
#.....'... #.#.#
#.....#### #.#.#
#.....#


You could see the friendly Londisizwe the hexer (slow) and Sonja (distracted,
slow, ally target).

Vanquished Creatures
  A two-headed ogre (D:11)
  A boulder beetle (D:11)
  Pikel (D:5)
  A gargoyle (D:11)
  Maggie (D:6)
  4 kobold demonologists
  Jeremiah (D:7)
  Prince Ribbit (D:9)
  Sigmund (D:4)
  A shadow (D:11)
  A vampire (D:10)
  3 wraiths
  A wyvern (D:11)
  13 yaks
  A steam dragon (D:7)
  Menkaure (D:4)
  Edmund (D:6)
  2 water moccasins
  6 orc warriors
  An ice beast (D:8)
  A black bear (D:5)
  4 ogres
  8 centaurs
  A phantom (D:6)
  Blork the orc (D:4)
  14 kobold brigands
  3 bullfrogs
  2 scorpions
  10 wights
  6 killer bees
  3 crimson imps (D:4)
  3 hounds
  2 jellies (D:7)
  3 orc priests
  Terence (D:2)
  A sleepcap (D:4)
  Ijyb (D:4)
  5 iguanas
  5 orc wizards
  10 adders
  3 shadow imps
  A white imp (D:7)
  An ufetubus (D:6)
  2 dart slugs
  25 orcs
  A ball python (D:1)
  5 endoplasms
  4 giant cockroaches
  8 goblins
  4 hobgoblins
  A quokka (D:2)
  3 bats
  A frilled lizard (D:3)
  12 kobolds
  5 rats
203 creatures vanquished.

Vanquished Creatures (collateral kills)
  2 boulder beetles (D:11)
  Joseph (D:10)
  An unseen horror (D:10)
  2 kobold demonologists
  A troll (D:11)
  6 yaks
  A water moccasin (D:8)
  An orc warrior (D:9)
  A centaur (D:12)
  4 kobold brigands
  A wight (D:9)
  An orc wizard (D:8)
  6 orcs
  2 goblins (D:10)
  4 kobolds (D:11)
34 creatures vanquished.

Vanquished Creatures (others)
  A wizard (D:10)
  2 hexers
  A spectral weapon (D:10)
4 creatures vanquished.

Grand Total: 241 creatures vanquished

Notes
Turn   | Place    | Note
-------+----------+-------------------------------------------
     0 | D:1      | LeprechaunX the Octopode Shapeshifter began the quest for
                  | the Orb.
     0 | D:1      | Reached XP level 1. HP: 13/13 MP: 1/1
    75 | D:1      | Reached XP level 2. HP: 8/18 MP: 2/2
   674 | D:2      | Noticed Terence
   683 | D:2      | Killed Terence
   684 | D:2      | Reached XP level 3. HP: 18/24 MP: 3/3
   711 | D:2      | Found a faded altar of an unknown god.
  1093 | D:2      | Identified the +5 rapier of Guile {spect, Dex+3}
  1223 | D:3      | Reached XP level 4. HP: 29/29 MP: 4/4
  1628 | D:4      | Found Ismuurgh's Armour Shoppe.
  1660 | D:4      | Noticed Ijyb
  1668 | D:4      | Killed Ijyb
  1670 | D:4      | Noticed Blork the orc
  1674 | D:4      | Killed Blork the orc
  1675 | D:4      | Reached skill level 4 in Shapeshifting
  1675 | D:4      | Reached XP level 5. HP: 22/35 MP: 5/5
  1830 | D:4      | Reached XP level 6. HP: 26/41 MP: 6/6
  1938 | D:4      | Noticed Sigmund
  1945 | D:4      | Killed Sigmund
  1946 | D:4      | Reached skill level 5 in Shapeshifting
  1979 | D:4      | Reached XP level 7. HP: 46/46 MP: 7/7
  2166 | D:4      | Noticed Menkaure
  2174 | D:4      | Killed Menkaure
  2352 | D:4      | Found a shimmering altar of Xom.
  2554 | D:5      | Entered Level 5 of the Dungeon
  2718 | D:5      | Reached XP level 8. HP: 36/54 MP: 8/8
  2807 | D:5      | Reached skill level 5 in Unarmed Combat
  2807 | D:5      | Reached skill level 6 in Shapeshifting
  3274 | D:5      | Found a snail-covered altar of Cheibriados.
  3288 | D:5      | Found an opulent altar of Gozag.
  3476 | D:5      | Noticed Pikel
  3492 | D:5      | Killed Pikel
  3493 | D:5      | Reached skill level 5 in Fighting
  3493 | D:5      | Reached skill level 5 in Dodging
  3493 | D:5      | Reached skill level 7 in Shapeshifting
  3493 | D:5      | Reached XP level 9. HP: 27/61 MP: 9/9
  3616 | D:5      | Found a staircase to the Ecumenical Temple.
  3694 | Temple   | Entered the Ecumenical Temple
  3701 | Temple   | Became a worshipper of Hepliaklqana the Forgotten
  3996 | D:6      | Found an iron altar of Okawaru.
  4284 | D:6      | Noticed Edmund
  4292 | D:6      | Killed Edmund
  4525 | D:6      | Noticed Maggie
  4775 | D:6      | Found a glowing silver altar of Zin.
  4775 | D:6      | Noticed an angel
  4959 | D:7      | Reached skill level 8 in Shapeshifting
  5064 | D:7      | Noticed Jeremiah
  5233 | D:6      | HP: 1/55 [Maggie/+0 glaive (7)]
  5234 | D:6      | Killed Maggie
  5822 | D:7      | Killed Jeremiah
  5823 | D:7      | Reached XP level 10. HP: 41/68 MP: 10/10
  6111 | D:7      | Reached * piety under Hepliaklqana
  6282 | D:7      | Found a radiant altar of Vehumet.
  6564 | D:8      | Found a shadowy altar of Dithmenos.
  7007 | D:8      | Noticed a centaur warrior
  7007 | D:8      | Noticed a skeletal warrior
  7092 | D:8      | Noticed a two-headed ogre
  7104 | D:8      | Noticed a centaur warrior
  7104 | D:8      | Noticed a centaur warrior
  7104 | D:8      | Noticed a kobold demonologist
  7110 | D:8      | Reached skill level 9 in Shapeshifting
  7171 | D:8      | Noticed a two-headed ogre
  7262 | D:8      | Got a quivering book
  7953 | D:8      | Noticed a guardian serpent
  8067 | D:9      | Reached ** piety under Hepliaklqana
  8071 | D:9      | Remembered your ancestor Londisizwe as a hexer
  8099 | D:9      | Found a white marble altar of Elyvilon.
  8265 | D:9      | Found a staircase to the Lair.
  8501 | D:9      | Noticed Prince Ribbit
  8507 | D:9      | Killed Prince Ribbit
  8688 | D:10     | Entered Level 10 of the Dungeon
  8696 | D:10     | Noticed an unseen horror
  8697 | D:10     | Killed an unseen horror
  8762 | D:10     | Noticed a kobold demonologist
  8769 | D:10     | Killed a kobold demonologist
  8837 | D:10     | Noticed Joseph
  8845 | D:10     | Killed Joseph
  9002 | D:10     | Found a bloodstained altar of Trog.
  9004 | D:10     | Noticed a wizard
  9009 | D:10     | Killed a wizard
  9025 | D:10     | Noticed a kobold demonologist
  9040 | D:10     | Reached skill level 10 in Shapeshifting
  9047 | D:10     | Reached XP level 11. HP: 39/67 MP: 11/11
  9091 | D:10     | Found a flagged portal.
  9185 | Bailey   | Entered a bailey
  9291 | Bailey   | Identified the +7 falchion of Yhupsa Int {holy, rElec rCorr
                  | MP+9 Str+3}
  9551 | Bailey   | Found a burning altar of Makhleb.
  9785 | D:10     | Found a sparkling altar of Nemelex Xobeh.
  9817 | D:10     | Reached skill level 1 in Invocations
  9820 | D:10     | Reached skill level 1 in Evocations
 10336 | D:10     | Reached *** piety under Hepliaklqana
 10897 | D:11     | Noticed a two-headed ogre
 10902 | D:11     | Killed a two-headed ogre
 10910 | D:11     | Reached skill level 11 in Shapeshifting
 10967 | D:11     | Noticed a boulder beetle
 10983 | D:11     | Killed a boulder beetle
 11306 | D:11     | Reached XP level 12. HP: 62/75 MP: 14/14
 11438 | D:11     | Noticed a two-headed ogre
 11596 | D:11     | Noticed a boulder beetle
 11596 | D:11     | Noticed a boulder beetle
 11617 | D:11     | Killed a boulder beetle
 11620 | D:11     | Killed a boulder beetle
 12077 | D:12     | Noticed Sonja
 12084 | D:12     | HP: 1/75 [poisoned by Sonja]
 12085 | D:12     | Succumbed to Sonja's poison

Illustrated notes

Levels and vault maps discovered:
D:1:      minmay_arrival_nine_rooms, layout_basic,
          chequers_serial_rivers_micro_e
D:2:      layout_rooms, basic_ecumenical_altar, uniq_terence
D:3:      layout_loops_ring, grunt_ministairs_6
D:4:      layout_loops_ring, led_xom_imps, serial_shops, nicolae_stop_n_shop_2,
          nicolae_figureground_sparkle, uniq_sigmund, uniq_blork_the_orc,
          uniq_ijyb, uniq_menkaure
D:5:      layout_loops_corners, mainiacjoe_overflow_cross_hatched,
          kennysheep_slug_shrine, temple_hall, serial_bayou,
          serial_bayou_pond_b, serial_bayou_lake_a, serial_bayou_pond_d,
          serial_bayou_pond_e, serial_bayou_crossing, serial_bayou_ford_a,
          amcnicky_mini_corridor_feature, uniq_pikel
D:6:      wander_river, layout_gridville, zin_angel, okawaru_trees_1,
          uniq_maggie, uniq_edmund
D:7:      layout_basic, vehumet_statue, uniq_jeremiah
D:8:      layout_basic, amcnicky_altar_gilded, minivault_12
D:9:      layout_long_grid, elyvilon_altar_3, lair_entry_dummy,
          uniq_prince_ribbit1
D:10:     layout_layer_cave, trog_wizard, nemelex_xobeh_ov_fountains_minmay,
          enter_bailey_5, special_room [special_room_kobold], uniq_joseph
D:11:     layout_gridville, minmay_fractal_squares_diagonal_5
D:12:     kennysheep_big_flooded_room, layout_basic, uniq_sonja
Temple:   nicolae_temple_no_exploring_needed

Skill      XL: |  1  2  3  4  5  6  7  8  9 10 11 12 |
---------------+-------------------------------------+-----
Fighting       | 2 3 5 6 7 8 |  8.8
Dodging        | 3 4 5 6 7 8 |  8.0
Shapeshifting  | 4 5 7 8 10 11 | 11.7
Unarmed Combat | 4 5 6 8 9 |  9.3
Invocations    | 3 4 |  4.1
Evocations     | 3 4 |  4.0

Action                     |  1- 3 |  4- 6 |  7- 9 | 10-12 || total
---------------------------+-------+-------+-------+-------++-------
  Melee: Unarmed           |    36 |       |       |   142 ||   178
         Constrict         |     9 |    10 |    40 |    53 ||   112
         Tentacles         |     7 |     4 |    37 |    80 ||   128
         Punch             |     1 |     1 |     3 |    17 ||    22
         Rapier            |     9 |    32 |   118 |   123 ||   282
   Fire: Shortbow          |       |       |     4 |       ||     4
         Sling             |       |       |       |    37 ||    37
  Throw: Boomerang         |       |       |    12 |     7 ||    19
 Invoke: Ancestor Life: He |       |       |       |     1 ||     1
         Recall Ancestor   |       |       |       |     1 ||     1
   Stab: Sleeping          |     5 |     2 |    13 |     1 ||    21
         Distracted        |       |     1 |     1 |     3 ||     5
         Confused          |       |       |       |     3 ||     3
 Armour: Skin              |    14 |    12 |    68 |   138 ||   232
  Dodge: Dodged            |    25 |    15 |    71 |   203 ||   314
   Form: Blade             |       |       |       |     1 ||     1

Table legend: (Time is in decaauts)
 A = Elapsed time spent in this place.
 B = Non-inter-level travel time spent in this place.
 C = Inter-level travel time spent in this place.
 D = Time resting spent in this place.
 E = Time spent auto-exploring this place.
 F = Levels seen in this place.
 G = Mean time per level.
                   A        B        C        D        E       F      G
               +--------+--------+--------+--------+--------+-----+--------+
         Total |  12148 |  11406 |    742 |   1560 |   7786 |  14 |  867.7 |
       Dungeon |  11674 |  10932 |    742 |   1339 |   7735 |  12 |  972.8 |
        Temple |     14 |     14 |      0 |      0 |      0 |   1 |   14.0 |
        Bailey |    458 |    458 |      0 |    221 |     51 |   1 |  458.0 |
               +--------+--------+--------+--------+--------+-----+--------+

Top non-repeatable levels by time:
    D:10: 1764 daAuts
     D:6: 1458 daAuts
     D:8: 1455 daAuts
     D:5: 1402 daAuts
     D:7: 1162 daAuts
    D:11: 962 daAuts
     D:4: 933 daAuts
     D:9: 679 daAuts
     D:1: 672 daAuts
     D:3: 509 daAuts
  Bailey: 458 daAuts
     D:2: 445 daAuts
    D:12: 229 daAuts
  Temple: 14 daAuts
